 Dungeon Crawl Stone Soup version 0.26.1 (webtiles) character file.

Game seed: 11366550224333425768

273 OdinFK the Gusty (level 6, 0/34 HPs)
             Began as a Tengu Air Elementalist on Feb 6, 2021.
             Was an Initiate of Gozag.
             Slain by an ogre
             ... wielding a +0 giant club
              (9 damage)
             ... on level 4 of the Dungeon.
             The game lasted 00:22:05 (3476 turns).

OdinFK the Gusty (Tengu Air Elementalist)           Turns: 3476, Time: 00:22:06

Health: 0/34       AC:  3    Str:  9    XL:     6   Next: 23%
Magic:  7/10       EV: 13    Int: 17    God:    Gozag
Gold:   177        SH:  0    Dex: 14    Spells: 3/9 levels left

rFire    . . .     SeeInvis .   s - +2 dagger (freeze)
rCold    . . .     Faith    .   (no shield)
rNeg     . . .     Spirit   .   a - +0 robe
rPois    .         Reflect  .   (helmet restricted)
rElec    .         Harm     .   (no cloak)
rCorr    .         Rampage  .   c - +0 pair of gloves
Will     .....                  (boots unavailable)
Stlth    ++........             (no amulet)
HPRegen  0.11/turn              (no ring)
MPRegen  0.12/turn              (no ring)

@: sluggish, very slow
A: beak, talons 3, able to fly
a: Fly, Renounce Religion, Potion Petition, Call Merchant, Bribe Branch


You were on level 4 of the Dungeon.
You worshipped Gozag.
Gozag was aware of your devotion.
You visited 2 branches of the dungeon, and saw 5 of its levels.

You collected 252 gold pieces.
You paid 75 gold pieces to Gozag.

Inventory:

Hand Weapons
 d - a +1 dagger of flaming
 s - a +2 dagger of freezing (weapon)
Missiles
 k - 14 poisoned darts (quivered)
Armour
 a - a +0 robe (worn)
 c - a +0 pair of gloves (worn)
 q - a +1 ring mail of willpower
Jewellery
 b - a cursed ring of teleportation {unknown}
 f - an uncursed ring of ice {unknown}
 p - a cursed ring of teleportation {unknown}
Wands
 r - a wand of paralysis (9)
Scrolls
 g - 2 scrolls of remove curse {unknown}
 h - 2 scrolls of amnesia
 i - 4 scrolls of identify
 j - a scroll of fear {unknown}
 n - a scroll of immolation {unknown}
 o - a scroll of magic mapping {unknown}
 t - 3 scrolls of teleportation
Potions
 e - 3 potions of haste {unknown}
 l - 3 potions of curing {unknown}
 m - a potion of invisibility {unknown}


   Skills:
 - Level 1.5 Fighting
 - Level 2.5 Dodging
 - Level 2.0 Stealth
 - Level 2.0 Spellcasting
 + Level 4.8 Conjurations
 - Level 7.0 Air Magic


You had 3 spell levels left.
You knew the following spells:

 Your Spells              Type           Power        Failure   Level
a - Shock                 Conj/Air       84%          1%          1
b - Swiftness             Air            25%          1%          2
c - Static Discharge      Conj/Air       21%          4%          3

Your spell library contained the following spells:

 Spells                   Type           Power        Failure   Level
 Airstrike                Air            12%          11%         4
 Lightning Bolt           Conj/Air       10%          43%         5


Dungeon Overview and Level Annotations

Branches:
Dungeon (4/15)             Temple (1/1) D:4

Altars:
Ashenzari
Cheibriados
Dithmenos
Elyvilon
Fedhas
Gozag
Hepliaklqana
Kikubaaqudgha
Makhleb
Nemelex Xobeh
Okawaru
Qazlal
Ru
Sif Muna
Trog
Uskayaw
Vehumet
Wu Jian
Xom
Zin
The Shining One

Annotations:
D:2 Terence


Innate Abilities, Weirdness & Mutations

You have a beak for a mouth.
You have claws for feet.
You can fly continuously.


Message History

Press: ? - help, Q - select action, (/) - cycle Shift-Dir - straight line, f/p - ogre
Aim: an ogre, wielding a +0 giant club (heavily wounded, 73% to hit)
You throw a poisoned dart.
The poisoned dart barely misses the ogre.
You start to feel a little slower.
Throw: 16 darts (poison)
Press: ? - help, Q - select action, (/) - cycle Shift-Dir - straight line, f/p - ogre
Aim: an ogre, wielding a +0 giant club (heavily wounded, 73% to hit)
You throw a poisoned dart.
The poisoned dart barely misses the ogre.
You feel sluggish.
Throw: 15 darts (poison)
Press: ? - help, Q - select action, (/) - cycle Shift-Dir - straight line, f/p - ogre
Aim: an ogre, wielding a +0 giant club (heavily wounded, 73% to hit)
You throw a poisoned dart. The poisoned dart hits the ogre.
The ogre is poisoned.
The ogre is heavily wounded.
The ogre hits you with a +0 giant club!
You die...
Your body crumbles into a pile of gold.

...####...##
#...##...## ##.....#.#
##.>..#..##
#....##...##
##...##..#.##
.##..###.##.## ...#.#
#.##).######### #####
.#....#..###....@O...##
##.... ###.#...##
##.######..## ##.....
#....## ###
##.(####......
###..#######
#............
#....)....##
##...(......#
##.........###
########..##
########....######
#..## ##.[......##
###.# # ##........##
##.


You could see an ogre (poisoned).

Vanquished Creatures
  2 orc wizards
  2 worker ants (D:4)
  Robin (D:4)
  5 adders
  An ooze (D:2)
  2 worms
  2 dart slugs
  A leopard gecko (D:2)
  8 orcs
  7 bats
  7 giant cockroaches
  10 goblins
  10 hobgoblins
  4 jackals (D:4)
  3 quokkas
  3 ball pythons
  3 frilled lizards
  A jackal skeleton (D:4)
  10 kobolds
  8 rats
90 creatures vanquished.

Notes
Turn   | Place    | Note
-------+----------+-------------------------------------------
     0 | D:1      | OdinFK the Tengu Air Elementalist began the quest for the
                  | Orb.
     0 | D:1      | Reached XP level 1. HP: 10/10 MP: 4/4
   108 | D:1      | Reached XP level 2. HP: 15/15 MP: 4/6
   177 | D:1      | Found a broken altar of Ashenzari.
   469 | D:1      | Reached skill level 5 in Air Magic
   666 | D:2      | Learned a level 2 spell: Swiftness
   704 | D:2      | Reached XP level 3. HP: 19/19 MP: 4/7
  1133 | D:2      | Noticed Terence
  1141 | D:2      | Learned a level 3 spell: Static Discharge
  1250 | D:2      | Reached skill level 6 in Air Magic
  1250 | D:2      | Reached XP level 4. HP: 24/24 MP: 6/8
  1578 | D:3      | Found a shadowy altar of Dithmenos.
  1704 | D:3      | Found a sacrificial altar of Ru.
  1861 | D:3      | Gained mutation: You can fly continuously. [Tengu growth]
  1861 | D:3      | Reached XP level 5. HP: 28/28 MP: 3/9
  1913 | D:3      | Reached skill level 1 in Fighting
  2202 | D:4      | Found a glowing golden altar of the Shining One.
  2237 | D:4      | Noticed Robin
  3218 | D:4      | Reached XP level 6. HP: 34/34 MP: 3/10
  3236 | D:4      | Killed Robin
  3270 | D:4      | Found a staircase to the Ecumenical Temple.
  3282 | Temple   | Entered the Ecumenical Temple
  3343 | Temple   | Became a worshipper of Gozag Ym Sagoz the Greedy
  3361 | D:4      | Found a sparkling altar of Nemelex Xobeh.
  3411 | D:4      | Reached skill level 7 in Air Magic
  3476 | D:4      | Slain by an ogre

Illustrated notes

Levels and vault maps discovered:
D:1:      psy_arrival_terrarium, layout_loops_ring, ashenzari_altar_1
D:2:      layout_loops_ring, uniq_terence
D:3:      layout_basic, overflow_temple_1_default,
          nicolae_dithmenos_through_a_glass_darkly
D:4:      layout_layer_cave, nicolae_overflow_hidden_temple,
          minmay_temple_entry_wispy, skrybe_limestone_x,
          nemelex_xobeh_ov_fountains_minmay, uniq_robin
Temple:   compressed_dpeg_circular_temple

Skill      XL: |  1  2  3  4  5  6 |
---------------+-------------------+-----
Conjurations   | 2 3 4 |  4.8
Air Magic      | 5 6 7 |  7.0
Fighting       | 1 |  1.5
Dodging        | |  2.5
Stealth        | |  2.0
Spellcasting   | |  2.0

Action                   |  1- 3 |  4- 6 || total
-------------------------+-------+-------++-------
Melee: Dagger            |    12 |    41 ||    53
       Kick              |     2 |     8 ||    10
       Peck              |       |     2 ||     2
Throw: Dart              |       |     3 ||     3
 Cast: Shock             |    48 |    99 ||   147
       Static Discharge  |       |     1 ||     1
       Swiftness         |       |     1 ||     1
Evoke: Wand              |       |     1 ||     1
  Use: Scroll            |       |     2 ||     2
 Stab: Sleeping          |     5 |     4 ||     9
       Paralysed         |       |     2 ||     2
Armor: Robe              |     8 |    12 ||    20
Dodge: Dodged            |    22 |    36 ||    58
